Workbook
Name Bienes: 'Informacion '!$S$3
Name Concesiones: 'Informacion '!$S$8
Name ConsultoriaServicios: 'Informacion '!$S$6
Name DistritoList: 'Informacion '!$J$3:$J$387
Name MIPYMEList: 'Informacion '!$N$3:$N$5
Name MIPYMEMujer: 'Informacion '!$N$4
Name MIPYMENo: 'Informacion '!$N$5
Name MIPYMEOculto: PACC!$I:$I
Name MIPYMESí: 'Informacion '!$N$3
Name ModCM: 'Informacion '!$L$4
Name ModCP: 'Informacion '!$L$3
Name ModCU: 'Informacion '!$L$5
Name ModE1508: 'Informacion '!$L$12
Name ModE40: 'Informacion '!$L$11
Name ModEBienes: 'Informacion '!$L$6
Name ModEConstruccion: 'Informacion '!$L$7
Name ModEObras: 'Informacion '!$L$9
Name ModEProveedor: 'Informacion '!$L$10
Name ModEPublicidad: 'Informacion '!$L$8
Name ModLI: 'Informacion '!$L$14
Name ModLP: 'Informacion '!$L$13
Name ModLR: 'Informacion '!$L$15
Name ModSI: 'Informacion '!$L$17
Name ModSO: 'Informacion '!$L$16
Name MunicipioColumn: 'Informacion '!$I$3:$I$387
Name MunicipioList: 'Informacion '!$F$3:$F$157
Name MunicipioStart: 'Informacion '!$I$3
Name ObjetoContratacion: PACC!$C:$C
Name ObjetoContratacionList: 'Informacion '!$S$3:$S$7
Name ObjetoContratacionOculto: PACC!$H:$H
Name Obras: 'Informacion '!$S$7
Name ProcedimientoOculto: PACC!$J:$J
Name ProcedureTemplateRange: ProcedureTemplate!$A$1:$J$10
Name ProvinciaColumn: 'Informacion '!$E$3:$E$157
Name ProvinciaList: 'Informacion '!$C$3:$C$34
Name ProvinciaStart: 'Informacion '!$E$3
Name RegionColumn: 'Informacion '!$B$3:$B$34
Name RegionList: 'Informacion '!$A$3:$A$12
Name RegionStart: 'Informacion '!$B$3
Name Servicios: 'Informacion '!$S$4
Name ServiciosConsultoria: 'Informacion '!$S$5
Name TiposProcedimientoList: 'Informacion '!$L$3:$L$17
Name TotalEstArea: PACC!$K:$M
Name TotalEstColumnName: PACC!$E:$E
Name TotalEstColumnValue: PACC!$F:$F
Name TotalEstLabel: 'Informacion '!$U$3
Name UnidadesList: 'Informacion '!$Q$3:$Q$43
Name UNSPSCCode: UNSPSC!$A$1:$A$18298
Name UNSPSCDes: UNSPSC!$B$1:$B$18298

Sheet RESUMEN
B6: DATOS DE CABECERA PACC
B7: MONTO ESTIMADO TOTAL | C7: =PACC!B10 -> 8.6305051e+08
B8: CANTIDAD DE PROCESOS REGISTRADOS | C8: =PACC!B9 -> 231
B9: CAPÍTULO | C9: =IF(PACC!E6="","",PACC!E6) -> 5180
B10: SUB CAPÍTULO | C10: =IF(PACC!E7="","",PACC!E7) -> 01
B11: UNIDAD EJECUTORA | C11: =IF(PACC!E8="","",PACC!E8) -> 0007
B12: UNIDAD DE COMPRA | C12: =IF(PACC!E9="","",PACC!E9) -> Instituto Nacional de Cancer 'Rosa E. Tavares'
B13: AÑO FISCAL | C13: =IF(PACC!E11="","",PACC!E11) -> 2019
B14: FECHA APROBACIÓN | C14: =IF(PACC!E12="","",PACC!E12)
B15: MONTOS ESTIMADOS SEGÚN OBJETO DE CONTRATACIÓN
B16: BIENES | C16: =SUMIF(ObjetoContratacionOculto,"="&Bienes,TotalEstColumnValue) -> 8.6141664e+08
B17: OBRAS | C17: =SUMIF(ObjetoContratacionOculto,"="&Obras,TotalEstColumnValue) -> 0
B18: SERVICIOS | C18: =SUMIF(ObjetoContratacionOculto,"="&Servicios,TotalEstColumnValue) -> 1633868
B19: SERVICIOS: CONSULTORÍA | C19: =SUMIF(ObjetoContratacionOculto,"="&ServiciosConsultoria,TotalEstColumnValue) -> 0
B20: SERVICIOS: CONSULTORÍA BASADA EN LA CALIDAD DE LOS SERVICIOS | C20: =SUMIF(ObjetoContratacionOculto,"="&ConsultoriaServicios,TotalEstColumnValue) -> 0
B21: MONTOS ESTIMADOS SEGÚN CLASIFICACIÓN MIPYME
B22: MIPYME | C22: =SUMIF(MIPYMEOculto,"="&MIPYMESí,TotalEstColumnValue) -> 0
B23: MIPYME MUJER | C23: =SUMIF(MIPYMEOculto,"="&MIPYMEMujer,TotalEstColumnValue) -> 0
B24: NO MIPYME | C24: =SUMIF(MIPYMEOculto,"="&MIPYMENo,TotalEstColumnValue) -> 8.6305051e+08
B25: MONTOS ESTIMADOS SEGÚN TIPO DE PROCEDIMIENTO
B26: COMPRAS POR DEBAJO DEL UMBRAL | C26: =SUMIF(ProcedimientoOculto,"="&ModCU,TotalEstColumnValue) -> 1190084
B27: COMPRA MENOR | C27: =SUMIF(ProcedimientoOculto,"="&ModCM,TotalEstColumnValue) -> 4.9588659e+08
B28: COMPARACIÓN DE PRECIOS | C28: =SUMIF(ProcedimientoOculto,"="&ModCP,TotalEstColumnValue) -> 1.0234432e+08
B29: LICITACIÓN PÚBLICA | C29: =SUMIF(ProcedimientoOculto,"="&ModLP,TotalEstColumnValue) -> 0
B30: LICITACIÓN PÚBLICA INTERNACIONAL | C30: =SUMIF(ProcedimientoOculto,"="&ModLI,TotalEstColumnValue) -> 0
B31: LICITACIÓN RESTRINGIDA | C31: =SUMIF(ProcedimientoOculto,"="&ModLR,TotalEstColumnValue) -> 0
B32: SORTEO DE OBRAS | C32: =SUMIF(ProcedimientoOculto,"="&ModSO,TotalEstColumnValue) -> 0
B33: EXCEPCIÓN - BIENES O SERVICIOS CON EXCLUSIVIDAD | C33: =SUMIF(ProcedimientoOculto,"="&ModEBienes,TotalEstColumnValue) -> 0
B34: EXCEPCIÓN - CONSTRUCCIÓN, INSTALACIÓN O ADQUISICIÓN DE OFICINAS PARA EL SERVICIO EXTERIOR | C34: =SUMIF(ProcedimientoOculto,"="&ModEConstruccion,TotalEstColumnValue) -> 0
B35: EXCEPCIÓN - CONTRATACIÓN DE PUBLICIDAD A TRAVÉS DE MEDIOS DE COMUNICACIÓN SOCIAL | C35: =SUMIF(ProcedimientoOculto,"="&ModEPublicidad,TotalEstColumnValue) -> 0
B36: EXCEPCIÓN - OBRAS CIENTÍFICAS, TÉCNICAS, ARTÍSTICAS, O RESTAURACIÓN DE MONUMENTOS HISTÓRICOS | C36: =SUMIF(ProcedimientoOculto,"="&ModEObras,TotalEstColumnValue) -> 0
B37: EXCEPCIÓN - PROVEEDOR ÚNICO | C37: =SUMIF(ProcedimientoOculto,"="&ModEProveedor,TotalEstColumnValue) -> 1.0977139e+08
B38: EXCEPCIÓN - RESCISIÓN DE CONTRATOS CUYA TERMINACIÓN NO EXCEDA EL 40% DEL MONTO TOTAL DEL PROYECTO, OBRA O SERVICIO | C38: =SUMIF(ProcedimientoOculto,"="&ModE40,TotalEstColumnValue) -> 0
B39: EXCEPCIÓN - RESOLUCIÓN 15-08 SOBRE COMPRA Y CONTRATACIÓN DE PASAJE AÉREO, COMBUSTIBLE Y REPARACIÓN DE VEHÍCULOS DE MOTOR | C39: =SUMIF(ProcedimientoOculto,"="&ModE1508,TotalEstColumnValue) -> 0

Sheet PACC
B2: PLAN ANUAL DE COMPRAS Y CONTRATACIONES
B3: ="AÑO "&E11 -> AÑO 2019
A6: SNCC.F.069 | D6: Capítulo | E6: 5180
A7: Version: 1.0.0 | D7: Sub Capítulo | E7: 01
D8: Unidad Ejecutora | E8: 0007
A9: Cantidad Procesos Registrados | B9: =COUNTIFS(TotalEstColumnName,"="&TotalEstLabel,TotalEstColumnValue,">0") -> 231 | D9: Unidad de Compra | E9: Instituto Nacional de Cancer 'Rosa E. Tavares'
A10: Monto Estimado Total | B10: =SUMIF(TotalEstColumnName,"="&TotalEstLabel,TotalEstColumnValue) -> 8.6305051e+08 | D10: Código de la Unidad de Compra | E10: 000876
D11: Año Fiscal | E11: 2019
D12: Fecha Aprobación
A15: NOMBRE O REFERENCIA DE CONTRATACIÓN | B15: FINALIDAD DE LA CONTRATACIÓN | C15: OBJETO DE CONTRATACIÓN | D15: PROCEDIMIENTO DE SELECCIÓN | E15: DESTINADO A MIPYMES | F15: CÓDIGO SNIP
A16: MEDICAMENTOS ESPECIALES | B16: USO TRATAMIENTOS DE CANCER | C16: Bienes | D16: Excepción - Bienes o servicios con exclusividad | E16: No
A17: FECHA DE NECESSIDAD | B17: FECHA INICIO PROCESO DE COMPRA | C17: 43467 | D17: LUGAR DE EJECUCIÓN / ENTREGA | E17: Región
B18: TRIMESTRE | C18: =IF(C17="","",IF(AND(MONTH(C17)>=1,MONTH(C17)<=3),1,IF(AND(MONTH(C17)>=4,MONTH(C17)<=6),2,IF(AND(MONTH(C17)>=7,MONTH(C17)<=9),3,4)))) -> 1 | E18: Provincia
B19: FECHA PREVISTA ADJUDICACIÓN | C19: 43553 | E19: Municipio
B20: TRIMESTRE | C20: =IF(C19="","",IF(AND(MONTH(C19)>=1,MONTH(C19)<=3),1,IF(AND(MONTH(C19)>=4,MONTH(C19)<=6),2,IF(AND(MONTH(C19)>=7,MONTH(C19)<=9),3,4)))) -> 1 | E20: Distrito Municipal
A22: CÓDIGO CATÁLOGO | B22: ARTÍCULO | C22: UNIDAD DE MEDIDA | D22: CANTIDAD TOTAL ESTIMADA | E22: PRECIO UNITARIO ESTIMADO | F22: MONTO TOTAL ESTIMADO
A23: 42201506 | B23: =IFERROR(INDEX(UNSPSCDes,MATCH(INDIRECT(ADDRESS(ROW(),COLUMN()-1,4)),UNSPSCCode,0)),IF(INDIRECT(ADDRESS(ROW(),COLUMN()-1,4))="42201506","Inyectores de agentes de contraste de tomografía informatizada (TAC o CT) médica","")) -> Inyectores de agentes de contraste de tomografía informatizada (TAC o CT) médica | C23: =IFERROR(VLOOKUP("UD",'Informacion '!P:Q,2,FALSE),"") -> Unidad | D23: 31 | E23: 1396.65 | F23: =INDIRECT(ADDRESS(ROW(),COLUMN()-2,4))*INDIRECT(ADDRESS(ROW(),COLUMN()-1,4)) -> 43296.15
A24: 51171821 | B24: =IFERROR(INDEX(UNSPSCDes,MATCH(INDIRECT(ADDRESS(ROW(),COLUMN()-1,4)),UNSPSCCode,0)),IF(INDIRECT(ADDRESS(ROW(),COLUMN()-1,4))="51171821","Aprepitant","")) -> Aprepitant | C24: =IFERROR(VLOOKUP("UD",'Informacion '!P:Q,2,FALSE),"") -> Unidad | D24: 7 | E24: 5598.24 | F24: =INDIRECT(ADDRESS(ROW(),COLUMN()-2,4))*INDIRECT(ADDRESS(ROW(),COLUMN()-1,4)) -> 39187.68
A25: 51101589 | B25: =IFERROR(INDEX(UNSPSCDes,MATCH(INDIRECT(ADDRESS(ROW(),COLUMN()-1,4)),UNSPSCCode,0)),IF(INDIRECT(ADDRESS(ROW(),COLUMN()-1,4))="51101589","Carbapenémicos incluyendo tienamicinas","")) -> Carbapenémicos incluyendo tienamicinas | C25: =IFERROR(VLOOKUP("UD",'Informacion '!P:Q,2,FALSE),"") -> Unidad | D25: 57 | E25: 3034.08 | F25: =INDIRECT(ADDRESS(ROW(),COLUMN()-2,4))*INDIRECT(ADDRESS(ROW(),COLUMN()-1,4)) -> 172942.56
A26: 51111807 | B26: =IFERROR(INDEX(UNSPSCDes,MATCH(INDIRECT(ADDRESS(ROW(),COLUMN()-1,4)),UNSPSCCode,0)),IF(INDIRECT(ADDRESS(ROW(),COLUMN()-1,4))="51111807","Acetato de leuprolide","")) -> Acetato de leuprolide | C26: =IFERROR(VLOOKUP("UD",'Informacion '!P:Q,2,FALSE),"") -> Unidad | D26: 29 | E26: 7032 | F26: =INDIRECT(ADDRESS(ROW(),COLUMN()-2,4))*INDIRECT(ADDRESS(ROW(),COLUMN()-1,4)) -> 203928
A27: 51111717 | B27: =IFERROR(INDEX(UNSPSCDes,MATCH(INDIRECT(ADDRESS(ROW(),COLUMN()-1,4)),UNSPSCCode,0)),IF(INDIRECT(ADDRESS(ROW(),COLUMN()-1,4))="51111717","Trastuzumab","")) -> Trastuzumab | C27: =IFERROR(VLOOKUP("UD",'Informacion '!P:Q,2,FALSE),"") -> Unidad | D27: 53 | E27: 25329.9 | F27: =INDIRECT(ADDRESS(ROW(),COLUMN()-2,4))*INDIRECT(ADDRESS(ROW(),COLUMN()-1,4)) -> 1342484.7
A28: 51111717 | B28: =IFERROR(INDEX(UNSPSCDes,MATCH(INDIRECT(ADDRESS(ROW(),COLUMN()-1,4)),UNSPSCCode,0)),IF(INDIRECT(ADDRESS(ROW(),COLUMN()-1,4))="51111717","Trastuzumab","")) -> Trastuzumab | C28: =IFERROR(VLOOKUP("UD",'Informacion '!P:Q,2,FALSE),"") -> Unidad | D28: 135 | E28: 106637.66 | F28: =INDIRECT(ADDRESS(ROW(),COLUMN()-2,4))*INDIRECT(ADDRESS(ROW(),COLUMN()-1,4)) -> 14396084
A29: 51111717 | B29: =IFERROR(INDEX(UNSPSCDes,MATCH(INDIRECT(ADDRESS(ROW(),COLUMN()-1,4)),UNSPSCCode,0)),IF(INDIRECT(ADDRESS(ROW(),COLUMN()-1,4))="51111717","Trastuzumab","")) -> Trastuzumab | C29: =IFERROR(VLOOKUP("UD",'Informacion '!P:Q,2,FALSE),"") -> Unidad | D29: 4 | E29: 178803.82 | F29: =INDIRECT(ADDRESS(ROW(),COLUMN()-2,4))*INDIRECT(ADDRESS(ROW(),COLUMN()-1,4)) -> 715215.28
A30: 51182415 | B30: =IFERROR(INDEX(UNSPSCDes,MATCH(INDIRECT(ADDRESS(ROW(),COLUMN()-1,4)),UNSPSCCode,0)),IF(INDIRECT(ADDRESS(ROW(),COLUMN()-1,4))="51182415","Ácido zoledrónico","")) -> Ácido zoledrónico | C30: =IFERROR(VLOOKUP("UD",'Informacion '!P:Q,2,FALSE),"") -> Unidad | D30: 183 | E30: 6581.51 | F30: =INDIRECT(ADDRESS(ROW(),COLUMN()-2,4))*INDIRECT(ADDRESS(ROW(),COLUMN()-1,4)) -> 1204416.3
A31: 51111616 | B31: =IFERROR(INDEX(UNSPSCDes,MATCH(INDIRECT(ADDRESS(ROW(),COLUMN()-1,4)),UNSPSCCode,0)),IF(INDIRECT(ADDRESS(ROW(),COLUMN()-1,4))="51111616","Capecitabina","")) -> Capecitabina | C31: =IFERROR(VLOOKUP("UD",'Informacion '!P:Q,2,FALSE),"") -> Unidad | D31: 5759 | E31: 174.23 | F31: =INDIRECT(ADDRESS(ROW(),COLUMN()-2,4))*INDIRECT(ADDRESS(ROW(),COLUMN()-1,4)) -> 1003390.6
A32: 51111820 | B32: =IFERROR(INDEX(UNSPSCDes,MATCH(INDIRECT(ADDRESS(ROW(),COLUMN()-1,4)),UNSPSCCode,0)),IF(INDIRECT(ADDRESS(ROW(),COLUMN()-1,4))="51111820","Letrozol","")) -> Letrozol | C32: =IFERROR(VLOOKUP("UD",'Informacion '!P:Q,2,FALSE),"") -> Unidad | D32: 161 | E32: 208.68 | F32: =INDIRECT(ADDRESS(ROW(),COLUMN()-2,4))*INDIRECT(ADDRESS(ROW(),COLUMN()-1,4)) -> 33597.48
A33: 51111819 | B33: =IFERROR(INDEX(UNSPSCDes,MATCH(INDIRECT(ADDRESS(ROW(),COLUMN()-1,4)),UNSPSCCode,0)),IF(INDIRECT(ADDRESS(ROW(),COLUMN()-1,4))="51111819","Fulvestrant","")) -> Fulvestrant | C33: =IFERROR(VLOOKUP("UD",'Informacion '!P:Q,2,FALSE),"") -> Unidad | D33: 1 | E33: 47900 | F33: =INDIRECT(ADDRESS(ROW(),COLUMN()-2,4))*INDIRECT(ADDRESS(ROW(),COLUMN()-1,4)) -> 47900
A34: 51111717 | B34: =IFERROR(INDEX(UNSPSCDes,MATCH(INDIRECT(ADDRESS(ROW(),COLUMN()-1,4)),UNSPSCCode,0)),IF(INDIRECT(ADDRESS(ROW(),COLUMN()-1,4))="51111717","Trastuzumab","")) -> Trastuzumab | C34: =IFERROR(VLOOKUP("UD",'Informacion '!P:Q,2,FALSE),"") -> Unidad | D34: 93 | E34: 62852.47 | F34: =INDIRECT(ADDRESS(ROW(),COLUMN()-2,4))*INDIRECT(ADDRESS(ROW(),COLUMN()-1,4)) -> 5845279.7
A35: 51111716 | B35: =IFERROR(INDEX(UNSPSCDes,MATCH(INDIRECT(ADDRESS(ROW(),COLUMN()-1,4)),UNSPSCCode,0)),IF(INDIRECT(ADDRESS(ROW(),COLUMN()-1,4))="51111716","Rituximab","")) -> Rituximab | C35: =IFERROR(VLOOKUP("UD",'Informacion '!P:Q,2,FALSE),"") -> Unidad | D35: 174 | E35: 119214.5 | F35: =INDIRECT(ADDRESS(ROW(),COLUMN()-2,4))*INDIRECT(ADDRESS(ROW(),COLUMN()-1,4)) -> 20743323
A36: 51201516 | B36: =IFERROR(INDEX(UNSPSCDes,MATCH(INDIRECT(ADDRESS(ROW(),COLUMN()-1,4)),UNSPSCCode,0)),IF(INDIRECT(ADDRESS(ROW(),COLUMN()-1,4))="51201516","Antilinfocito o inmunoglobulina linfocítica","")) -> Antilinfocito o inmunoglobulina linfocítica | C36: =IFERROR(VLOOKUP("UD",'Informacion '!P:Q,2,FALSE),"") -> Unidad | D36: 61 | E36: 55200 | F36: =INDIRECT(ADDRESS(ROW(),COLUMN()-2,4))*INDIRECT(ADDRESS(ROW(),COLUMN()-1,4)) -> 3367200
A37: 51131506 | B37: =IFERROR(INDEX(UNSPSCDes,MATCH(INDIRECT(ADDRESS(ROW(),COLUMN()-1,4)),UNSPSCCode,0)),IF(INDIRECT(ADDRESS(ROW(),COLUMN()-1,4))="51131506","Eritropoyetina","")) -> Eritropoyetina | C37: =IFERROR(VLOOKUP("UD",'Informacion '!P:Q,2,FALSE),"") -> Unidad | D37: 175 | E37: 1133.81 | F37: =INDIRECT(ADDRESS(ROW(),COLUMN()-2,4))*INDIRECT(ADDRESS(ROW(),COLUMN()-1,4)) -> 198416.75
A38: 51111716 | B38: =IFERROR(INDEX(UNSPSCDes,MATCH(INDIRECT(ADDRESS(ROW(),COLUMN()-1,4)),UNSPSCCode,0)),IF(INDIRECT(ADDRESS(ROW(),COLUMN()-1,4))="51111716","Rituximab","")) -> Rituximab | C38: =IFERROR(VLOOKUP("UD",'Informacion '!P:Q,2,FALSE),"") -> Unidad | D38: 27 | E38: 34783.69 | F38: =INDIRECT(ADDRESS(ROW(),COLUMN()-2,4))*INDIRECT(ADDRESS(ROW(),COLUMN()-1,4)) -> 939159.63
A39: 51111712 | B39: =IFERROR(INDEX(UNSPSCDes,MATCH(INDIRECT(ADDRESS(ROW(),COLUMN()-1,4)),UNSPSCCode,0)),IF(INDIRECT(ADDRESS(ROW(),COLUMN()-1,4))="51111712","Pirarubicina","")) -> Pirarubicina | C39: =IFERROR(VLOOKUP("UD",'Informacion '!P:Q,2,FALSE),"") -> Unidad | D39: 120 | E39: 4353 | F39: =INDIRECT(ADDRESS(ROW(),COLUMN()-2,4))*INDIRECT(ADDRESS(ROW(),COLUMN()-1,4)) -> 522360
A40: 51142608 | B40: =IFERROR(INDEX(UNSPSCDes,MATCH(INDIRECT(ADDRESS(ROW(),COLUMN()-1,4)),UNSPSCCode,0)),IF(INDIRECT(ADDRESS(ROW(),COLUMN()-1,4))="51142608","Trimetilxantina","")) -> Trimetilxantina | C40: =IFERROR(VLOOKUP("UD",'Informacion '!P:Q,2,FALSE),"") -> Unidad | D40: 30 | E40: 7097 | F40: =INDIRECT(ADDRESS(ROW(),COLUMN()-2,4))*INDIRECT(ADDRESS(ROW(),COLUMN()-1,4)) -> 212910
A41: 51111809 | B41: =IFERROR(INDEX(UNSPSCDes,MATCH(INDIRECT(ADDRESS(ROW(),COLUMN()-1,4)),UNSPSCCode,0)),IF(INDIRECT(ADDRESS(ROW(),COLUMN()-1,4))="51111809","Tamoxifeno","")) -> Tamoxifeno | C41: =IFERROR(VLOOKUP("UD",'Informacion '!P:Q,2,FALSE),"") -> Unidad | D41: 300 | E41: 64 | F41: =INDIRECT(ADDRESS(ROW(),COLUMN()-2,4))*INDIRECT(ADDRESS(ROW(),COLUMN()-1,4)) -> 19200
A42: 51111712 | B42: =IFERROR(INDEX(UNSPSCDes,MATCH(INDIRECT(ADDRESS(ROW(),COLUMN()-1,4)),UNSPSCCode,0)),IF(INDIRECT(ADDRESS(ROW(),COLUMN()-1,4))="51111712","Pirarubicina","")) -> Pirarubicina | C42: =IFERROR(VLOOKUP("UD",'Informacion '!P:Q,2,FALSE),"") -> Unidad | D42: 420 | E42: 827 | F42: =INDIRECT(ADDRESS(ROW(),COLUMN()-2,4))*INDIRECT(ADDRESS(ROW(),COLUMN()-1,4)) -> 347340
A43: 51101835 | B43: =IFERROR(INDEX(UNSPSCDes,MATCH(INDIRECT(ADDRESS(ROW(),COLUMN()-1,4)),UNSPSCCode,0)),IF(INDIRECT(ADDRESS(ROW(),COLUMN()-1,4))="51101835","Acetato de caspofungina","")) -> Acetato de caspofungina | C43: =IFERROR(VLOOKUP("UD",'Informacion '!P:Q,2,FALSE),"") -> Unidad | D43: 29 | E43: 22529.56 | F43: =INDIRECT(ADDRESS(ROW(),COLUMN()-2,4))*INDIRECT(ADDRESS(ROW(),COLUMN()-1,4)) -> 653357.24
E44: TOTAL COMPRA ESTIMADA | F44: =SUM(Table4[MONTO TOTAL ESTIMADO]) -> 52050989 | H44: =C16 -> Bienes | I44: =E16 -> No | J44: =D16 -> Excepción - Bienes o servicios con exclusividad
A46: NOMBRE O REFERENCIA DE CONTRATACIÓN | B46: FINALIDAD DE LA CONTRATACIÓN | C46: OBJETO DE CONTRATACIÓN | D46: PROCEDIMIENTO DE SELECCIÓN | E46: DESTINADO A MIPYMES | F46: CÓDIGO SNIP
A47: Lavanderia | B47: compra de bienes para uso en la lavanderia y limpieza del INCART | C47: Bienes | D47: Comparacion de Precios | E47: No
A48: FECHA DE NECESSIDAD | B48: FECHA INICIO PROCESO DE COMPRA | C48: 43468 | D48: LUGAR DE EJECUCIÓN / ENTREGA | E48: Región | F48: OZAMA O METROPOLITANA
B49: TRIMESTRE | C49: =IF(C48="","",IF(AND(MONTH(C48)>=1,MONTH(C48)<=3),1,IF(AND(MONTH(C48)>=4,MONTH(C48)<=6),2,IF(AND(MONTH(C48)>=7,MONTH(C48)<=9),3,4)))) -> 1 | E49: Provincia | F49: Distrito Nacional
B50: FECHA PREVISTA ADJUDICACIÓN | C50: 43531 | E50: Municipio | F50: Distrito Nacional
B51: TRIMESTRE | C51: =IF(C50="","",IF(AND(MONTH(C50)>=1,MONTH(C50)<=3),1,IF(AND(MONTH(C50)>=4,MONTH(C50)<=6),2,IF(AND(MONTH(C50)>=7,MONTH(C50)<=9),3,4)))) -> 1 | E51: Distrito Municipal
A53: CÓDIGO CATÁLOGO | B53: ARTÍCULO | C53: UNIDAD DE MEDIDA | D53: CANTIDAD TOTAL ESTIMADA | E53: PRECIO UNITARIO ESTIMADO | F53: MONTO TOTAL ESTIMADO
A54: 12161902 | B54: =IFERROR(INDEX(UNSPSCDes,MATCH(INDIRECT(ADDRESS(ROW(),COLUMN()-1,4)),UNSPSCCode,0)),IF(INDIRECT(ADDRESS(ROW(),COLUMN()-1,4))="12161902","Surfactantes detergentes","")) -> Surfactantes detergentes | C54: =IFERROR(VLOOKUP("GAL",'Informacion '!P:Q,2,FALSE),"") -> Galón | D54: 70 | E54: 950 | F54: =INDIRECT(ADDRESS(ROW(),COLUMN()-2,4))*INDIRECT(ADDRESS(ROW(),COLUMN()-1,4)) -> 66500
A55: 12161902 | B55: =IFERROR(INDEX(UNSPSCDes,MATCH(INDIRECT(ADDRESS(ROW(),COLUMN()-1,4)),UNSPSCCode,0)),IF(INDIRECT(ADDRESS(ROW(),COLUMN()-1,4))="12161902","Surfactantes detergentes","")) -> Surfactantes detergentes | C55: =IFERROR(VLOOKUP("L",'Informacion '!P:Q,2,FALSE),"") -> Litro | D55: 350 | E55: 600 | F55: =INDIRECT(ADDRESS(ROW(),COLUMN()-2,4))*INDIRECT(ADDRESS(ROW(),COLUMN()-1,4)) -> 210000
A56: 12161902 | B56: =IFERROR(INDEX(UNSPSCDes,MATCH(INDIRECT(ADDRESS(ROW(),COLUMN()-1,4)),UNSPSCCode,0)),IF(INDIRECT(ADDRESS(ROW(),COLUMN()-1,4))="12161902","Surfactantes detergentes","")) -> Surfactantes detergentes | C56: =IFERROR(VLOOKUP("GAL",'Informacion '!P:Q,2,FALSE),"") -> Galón | D56: 84 | E56: 2006 | F56: =INDIRECT(ADDRESS(ROW(),COLUMN()-2,4))*INDIRECT(ADDRESS(ROW(),COLUMN()-1,4)) -> 168504
A57: 12161902 | B57: =IFERROR(INDEX(UNSPSCDes,MATCH(INDIRECT(ADDRESS(ROW(),COLUMN()-1,4)),UNSPSCCode,0)),IF(INDIRECT(ADDRESS(ROW(),COLUMN()-1,4))="12161902","Surfactantes detergentes","")) -> Surfactantes detergentes | C57: =IFERROR(VLOOKUP("GAL",'Informacion '!P:Q,2,FALSE),"") -> Galón | D57: 6 | E57: 2800 | F57: =INDIRECT(ADDRESS(ROW(),COLUMN()-2,4))*INDIRECT(ADDRESS(ROW(),COLUMN()-1,4)) -> 16800
A58: 12161902 | B58: =IFERROR(INDEX(UNSPSCDes,MATCH(INDIRECT(ADDRESS(ROW(),COLUMN()-1,4)),UNSPSCCode,0)),IF(INDIRECT(ADDRESS(ROW(),COLUMN()-1,4))="12161902","Surfactantes detergentes","")) -> Surfactantes detergentes | C58: =IFERROR(VLOOKUP("GAL",'Informacion '!P:Q,2,FALSE),"") -> Galón | D58: 20 | E58: 5500 | F58: =INDIRECT(ADDRESS(ROW(),COLUMN()-2,4))*INDIRECT(ADDRESS(ROW(),COLUMN()-1,4)) -> 110000
A59: 12161902 | B59: =IFERROR(INDEX(UNSPSCDes,MATCH(INDIRECT(ADDRESS(ROW(),COLUMN()-1,4)),UNSPSCCode,0)),IF(INDIRECT(ADDRESS(ROW(),COLUMN()-1,4))="12161902","Surfactantes detergentes","")) -> Surfactantes detergentes | C59: =IFERROR(VLOOKUP("GAL",'Informacion '!P:Q,2,FALSE),"") -> Galón | D59: 85 | E59: 320 | F59: =INDIRECT(ADDRESS(ROW(),COLUMN()-2,4))*INDIRECT(ADDRESS(ROW(),COLUMN()-1,4)) -> 27200
A60: 12161902 | B60: =IFERROR(INDEX(UNSPSCDes,MATCH(INDIRECT(ADDRESS(ROW(),COLUMN()-1,4)),UNSPSCCode,0)),IF(INDIRECT(ADDRESS(ROW(),COLUMN()-1,4))="12161902","Surfactantes detergentes","")) -> Surfactantes detergentes | C60: =IFERROR(VLOOKUP("GAL",'Informacion '!P:Q,2,FALSE),"") -> Galón | D60: 350 | E60: 150 | F60: =INDIRECT(ADDRESS(ROW(),COLUMN()-2,4))*INDIRECT(ADDRESS(ROW(),COLUMN()-1,4)) -> 52500
A61: 12161902 | B61: =IFERROR(INDEX(UNSPSCDes,MATCH(INDIRECT(ADDRESS(ROW(),COLUMN()-1,4)),UNSPSCCode,0)),IF(INDIRECT(ADDRESS(ROW(),COLUMN()-1,4))="12161902","Surfactantes detergentes","")) -> Surfactantes detergentes | C61: =IFERROR(VLOOKUP("GAL",'Informacion '!P:Q,2,FALSE),"") -> Galón | D61: 60 | E61: 320 | F61: =INDIRECT(ADDRESS(ROW(),COLUMN()-2,4))*INDIRECT(ADDRESS(ROW(),COLUMN()-1,4)) -> 19200
A62: 15121803 | B62: =IFERROR(INDEX(UNSPSCDes,MATCH(INDIRECT(ADDRESS(ROW(),COLUMN()-1,4)),UNSPSCCode,0)),IF(INDIRECT(ADDRESS(ROW(),COLUMN()-1,4))="15121803","Removedor de óxido","")) -> Removedor de óxido | C62: =IFERROR(VLOOKUP("GAL",'Informacion '!P:Q,2,FALSE),"") -> Galón | D62: 1 | E62: 4900 | F62: =INDIRECT(ADDRESS(ROW(),COLUMN()-2,4))*INDIRECT(ADDRESS(ROW(),COLUMN()-1,4)) -> 4900
A63: 12161902 | B63: =IFERROR(INDEX(UNSPSCDes,MATCH(INDIRECT(ADDRESS(ROW(),COLUMN()-1,4)),UNSPSCCode,0)),IF(INDIRECT(ADDRESS(ROW(),COLUMN()-1,4))="12161902","Surfactantes detergentes","")) -> Surfactantes detergentes | C63: =IFERROR(VLOOKUP("GAL",'Informacion '!P:Q,2,FALSE),"") -> Galón | D63: 15 | E63: 750 | F63: =INDIRECT(ADDRESS(ROW(),COLUMN()-2,4))*INDIRECT(ADDRESS(ROW(),COLUMN()-1,4)) -> 11250
A64: 12161902 | B64: =IFERROR(INDEX(UNSPSCDes,MATCH(INDIRECT(ADDRESS(ROW(),COLUMN()-1,4)),UNSPSCCode,0)),IF(INDIRECT(ADDRESS(ROW(),COLUMN()-1,4))="12161902","Surfactantes detergentes","")) -> Surfactantes detergentes | C64: =IFERROR(VLOOKUP("GAL",'Informacion '!P:Q,2,FALSE),"") -> Galón | D64: 40 | E64: 110 | F64: =INDIRECT(ADDRESS(ROW(),COLUMN()-2,4))*INDIRECT(ADDRESS(ROW(),COLUMN()-1,4)) -> 4400
A65: 12161902 | B65: =IFERROR(INDEX(UNSPSCDes,MATCH(INDIRECT(ADDRESS(ROW(),COLUMN()-1,4)),UNSPSCCode,0)),IF(INDIRECT(ADDRESS(ROW(),COLUMN()-1,4))="12161902","Surfactantes detergentes","")) -> Surfactantes detergentes | C65: =IFERROR(VLOOKUP("GAL",'Informacion '!P:Q,2,FALSE),"") -> Galón | D65: 15 | E65: 750 | F65: =INDIRECT(ADDRESS(ROW(),COLUMN()-2,4))*INDIRECT(ADDRESS(ROW(),COLUMN()-1,4)) -> 11250
A66: 24141506 | B66: =IFERROR(INDEX(UNSPSCDes,MATCH(INDIRECT(ADDRESS(ROW(),COLUMN()-1,4)),UNSPSCCode,0)),IF(INDIRECT(ADDRESS(ROW(),COLUMN()-1,4))="24141506","Encerados","")) -> Encerados | C66: =IFERROR(VLOOKUP("GAL",'Informacion '!P:Q,2,FALSE),"") -> Galón | D66: 30 | E66: 340 | F66: =INDIRECT(ADDRESS(ROW(),COLUMN()-2,4))*INDIRECT(ADDRESS(ROW(),COLUMN()-1,4)) -> 10200
A67: 41102705 | B67: =IFERROR(INDEX(UNSPSCDes,MATCH(INDIRECT(ADDRESS(ROW(),COLUMN()-1,4)),UNSPSCCode,0)),IF(INDIRECT(ADDRESS(ROW(),COLUMN()-1,4))="41102705","Cristalizadores","")) -> Cristalizadores | C67: =IFERROR(VLOOKUP("GAL",'Informacion '!P:Q,2,FALSE),"") -> Galón | D67: 3 | E67: 450 | F67: =INDIRECT(ADDRESS(ROW(),COLUMN()-2,4))*INDIRECT(ADDRESS(ROW(),COLUMN()-1,4)) -> 1350
A68: 12161902 | B68: =IFERROR(INDEX(UNSPSCDes,MATCH(INDIRECT(ADDRESS(ROW(),COLUMN()-1,4)),UNSPSCCode,0)),IF(INDIRECT(ADDRESS(ROW(),COLUMN()-1,4))="12161902","Surfactantes detergentes","")) -> Surfactantes detergentes | C68: =IFERROR(VLOOKUP("GAL",'Informacion '!P:Q,2,FALSE),"") -> Galón | D68: 3 | E68: 1600 | F68: =INDIRECT(ADDRESS(ROW(),COLUMN()-2,4))*INDIRECT(ADDRESS(ROW(),COLUMN()-1,4)) -> 4800
A69: 53131608 | B69: =IFERROR(INDEX(UNSPSCDes,MATCH(INDIRECT(ADDRESS(ROW(),COLUMN()-1,4)),UNSPSCCode,0)),IF(INDIRECT(ADDRESS(ROW(),COLUMN()-1,4))="53131608","Jabones","")) -> Jabones | C69: =IFERROR(VLOOKUP("GAL",'Informacion '!P:Q,2,FALSE),"") -> Galón | D69: 80 | E69: 340 | F69: =INDIRECT(ADDRESS(ROW(),COLUMN()-2,4))*INDIRECT(ADDRESS(ROW(),COLUMN()-1,4)) -> 27200
A70: 53131608 | B70: =IFERROR(INDEX(UNSPSCDes,MATCH(INDIRECT(ADDRESS(ROW(),COLUMN()-1,4)),UNSPSCCode,0)),IF(INDIRECT(ADDRESS(ROW(),COLUMN()-1,4))="53131608","Jabones","")) -> Jabones | C70: =IFERROR(VLOOKUP("GAL",'Informacion '!P:Q,2,FALSE),"") -> Galón | D70: 25 | E70: 850 | F70: =INDIRECT(ADDRESS(ROW(),COLUMN()-2,4))*INDIRECT(ADDRESS(ROW(),COLUMN()-1,4)) -> 21250
A71: 51102710 | B71: =IFERROR(INDEX(UNSPSCDes,MATCH(INDIRECT(ADDRESS(ROW(),COLUMN()-1,4)),UNSPSCCode,0)),IF(INDIRECT(ADDRESS(ROW(),COLUMN()-1,4))="51102710","Antisépticos basados en alcohol o acetona","")) -> Antisépticos basados en alcohol o acetona | C71: =IFERROR(VLOOKUP("GAL",'Informacion '!P:Q,2,FALSE),"") -> Galón | D71: 30 | E71: 325 | F71: =INDIRECT(ADDRESS(ROW(),COLUMN()-2,4))*INDIRECT(ADDRESS(ROW(),COLUMN()-1,4)) -> 9750
A72: 53131608 | B72: =IFERROR(INDEX(UNSPSCDes,MATCH(INDIRECT(ADDRESS(ROW(),COLUMN()-1,4)),UNSPSCCode,0)),IF(INDIRECT(ADDRESS(ROW(),COLUMN()-1,4))="53131608","Jabones","")) -> Jabones | C72: =IFERROR(VLOOKUP("GAL",'Informacion '!P:Q,2,FALSE),"") -> Galón | D72: 50 | E72: 3339.4 | F72: =INDIRECT(ADDRESS(ROW(),COLUMN()-2,4))*INDIRECT(ADDRESS(ROW(),COLUMN()-1,4)) -> 166970
A73: 51102710 | B73: =IFERROR(INDEX(UNSPSCDes,MATCH(INDIRECT(ADDRESS(ROW(),COLUMN()-1,4)),UNSPSCCode,0)),IF(INDIRECT(ADDRESS(ROW(),COLUMN()-1,4))="51102710","Antisépticos basados en alcohol o acetona","")) -> Antisépticos basados en alcohol o acetona | C73: =IFERROR(VLOOKUP("GAL",'Informacion '!P:Q,2,FALSE),"") -> Galón | D73: 25 | E73: 3280.4 | F73: =INDIRECT(ADDRESS(ROW(),COLUMN()-2,4))*INDIRECT(ADDRESS(ROW(),COLUMN()-1,4)) -> 82010
A74: 53131608 | B74: =IFERROR(INDEX(UNSPSCDes,MATCH(INDIRECT(ADDRESS(ROW(),COLUMN()-1,4)),UNSPSCCode,0)),IF(INDIRECT(ADDRESS(ROW(),COLUMN()-1,4))="53131608","Jabones","")) -> Jabones | C74: =IFERROR(VLOOKUP("GAL",'Informacion '!P:Q,2,FALSE),"") -> Galón | D74: 85 | E74: 2800 | F74: =INDIRECT(ADDRESS(ROW(),COLUMN()-2,4))*INDIRECT(ADDRESS(ROW(),COLUMN()-1,4)) -> 238000
A75: 12161902 | B75: =IFERROR(INDEX(UNSPSCDes,MATCH(INDIRECT(ADDRESS(ROW(),COLUMN()-1,4)),UNSPSCCode,0)),IF(INDIRECT(ADDRESS(ROW(),COLUMN()-1,4))="12161902","Surfactantes detergentes","")) -> Surfactantes detergentes | C75: =IFERROR(VLOOKUP("GAL",'Informacion '!P:Q,2,FALSE),"") -> Galón | D75: 50 | E75: 3872.76 | F75: =INDIRECT(ADDRESS(ROW(),COLUMN()-2,4))*INDIRECT(ADDRESS(ROW(),COLUMN()-1,4)) -> 193638
A76: 42271802 | B76: =IFERROR(INDEX(UNSPSCDes,MATCH(INDIRECT(ADDRESS(ROW(),COLUMN()-1,4)),UNSPSCCode,0)),IF(INDIRECT(ADDRESS(ROW(),COLUMN()-1,4))="42271802","Nebulizadores o accesorios","")) -> Nebulizadores o accesorios | C76: =IFERROR(VLOOKUP("GAL",'Informacion '!P:Q,2,FALSE),"") -> Galón | D76: 7 | E76: 19000 | F76: =INDIRECT(ADDRESS(ROW(),COLUMN()-2,4))*INDIRECT(ADDRESS(ROW(),COLUMN()-1,4)) -> 133000
A77: 47131702 | B77: =IFERROR(INDEX(UNSPSCDes,MATCH(INDIRECT(ADDRESS(ROW(),COLUMN()-1,4)),UNSPSCCode,0)),IF(INDIRECT(ADDRESS(ROW(),COLUMN()-1,4))="47131702","Dispensadores de productos sanitarios","")) -> Dispensadores de productos sanitarios | C77: =IFERROR(VLOOKUP("GAL",'Informacion '!P:Q,2,FALSE),"") -> Galón | D77: 24 | E77: 600 | F77: =INDIRECT(ADDRESS(ROW(),COLUMN()-2,4))*INDIRECT(ADDRESS(ROW(),COLUMN()-1,4)) -> 14400
A78: 12161902 | B78: =IFERROR(INDEX(UNSPSCDes,MATCH(INDIRECT(ADDRESS(ROW(),COLUMN()-1,4)),UNSPSCCode,0)),IF(INDIRECT(ADDRESS(ROW(),COLUMN()-1,4))="12161902","Surfactantes detergentes","")) -> Surfactantes detergentes | C78: =IFERROR(VLOOKUP("GAL",'Informacion '!P:Q,2,FALSE),"") -> Galón | D78: 3 | E78: 45000 | F78: =INDIRECT(ADDRESS(ROW(),COLUMN()-2,4))*INDIRECT(ADDRESS(ROW(),COLUMN()-1,4)) -> 135000
A79: 42312311 | B79: =IFERROR(INDEX(UNSPSCDes,MATCH(INDIRECT(ADDRESS(ROW(),COLUMN()-1,4)),UNSPSCCode,0)),IF(INDIRECT(ADDRESS(ROW(),COLUMN()-1,4))="42312311","Kits de desinfectantes","")) -> Kits de desinfectantes | C79: =IFERROR(VLOOKUP("GAL",'Informacion '!P:Q,2,FALSE),"") -> Galón | D79: 6 | E79: 789.98 | F79: =INDIRECT(ADDRESS(ROW(),COLUMN()-2,4))*INDIRECT(ADDRESS(ROW(),COLUMN()-1,4)) -> 4739.88
A80: 12161902 | B80: =IFERROR(INDEX(UNSPSCDes,MATCH(INDIRECT(ADDRESS(ROW(),COLUMN()-1,4)),UNSPSCCode,0)),IF(INDIRECT(ADDRESS(ROW(),COLUMN()-1,4))="12161902","Surfactantes detergentes","")) -> Surfactantes detergentes | C80: =IFERROR(VLOOKUP("GAL",'Informacion '!P:Q,2,FALSE),"") -> Galón | D80: 30 | E80: 987.87 | F80: =INDIRECT(ADDRESS(ROW(),COLUMN()-2,4))*INDIRECT(ADDRESS(ROW(),COLUMN()-1,4)) -> 29636.1
A81: 12161902 | B81: =IFERROR(INDEX(UNSPSCDes,MATCH(INDIRECT(ADDRESS(ROW(),COLUMN()-1,4)),UNSPSCCode,0)),IF(INDIRECT(ADDRESS(ROW(),COLUMN()-1,4))="12161902","Surfactantes detergentes","")) -> Surfactantes detergentes | C81: =IFERROR(VLOOKUP("GAL",'Informacion '!P:Q,2,FALSE),"") -> Galón | D81: 6 | E81: 1054.25 | F81: =INDIRECT(ADDRESS(ROW(),COLUMN()-2,4))*INDIRECT(ADDRESS(ROW(),COLUMN()-1,4)) -> 6325.5
A82: 42312311 | B82: =IFERROR(INDEX(UNSPSCDes,MATCH(INDIRECT(ADDRESS(ROW(),COLUMN()-1,4)),UNSPSCCode,0)),IF(INDIRECT(ADDRESS(ROW(),COLUMN()-1,4))="42312311","Kits de desinfectantes","")) -> Kits de desinfectantes | C82: =IFERROR(VLOOKUP("GAL",'Informacion '!P:Q,2,FALSE),"") -> Galón | D82: 6 | E82: 684.72 | F82: =INDIRECT(ADDRESS(ROW(),COLUMN()-2,4))*INDIRECT(ADDRESS(ROW(),COLUMN()-1,4)) -> 4108.32
A83: 42312311 | B83: =IFERROR(INDEX(UNSPSCDes,MATCH(INDIRECT(ADDRESS(ROW(),COLUMN()-1,4)),UNSPSCCode,0)),IF(INDIRECT(ADDRESS(ROW(),COLUMN()-1,4))="42312311","Kits de desinfectantes","")) -> Kits de desinfectantes | C83: =IFERROR(VLOOKUP("GAL",'Informacion '!P:Q,2,FALSE),"") -> Galón | D83: 30 | E83: 1002.82 | F83: =INDIRECT(ADDRESS(ROW(),COLUMN()-2,4))*INDIRECT(ADDRESS(ROW(),COLUMN()-1,4)) -> 30084.6
A84: 42312311 | B84: =IFERROR(INDEX(UNSPSCDes,MATCH(INDIRECT(ADDRESS(ROW(),COLUMN()-1,4)),UNSPSCCode,0)),IF(INDIRECT(ADDRESS(ROW(),COLUMN()-1,4))="42312311","Kits de desinfectantes","")) -> Kits de desinfectantes | C84: =IFERROR(VLOOKUP("GAL",'Informacion '!P:Q,2,FALSE),"") -> Galón | D84: 5 | E84: 850 | F84: =INDIRECT(ADDRESS(ROW(),COLUMN()-2,4))*INDIRECT(ADDRESS(ROW(),COLUMN()-1,4)) -> 4250
A85: 42312311 | B85: =IFERROR(INDEX(UNSPSCDes,MATCH(INDIRECT(ADDRESS(ROW(),COLUMN()-1,4)),UNSPSCCode,0)),IF(INDIRECT(ADDRESS(ROW(),COLUMN()-1,4))="42312311","Kits de desinfectantes","")) -> Kits de desinfectantes | C85: =IFERROR(VLOOKUP("GAL",'Informacion '!P:Q,2,FALSE),"") -> Galón | D85: 1 | E85: 1282 | F85: =INDIRECT(ADDRESS(ROW(),COLUMN()-2,4))*INDIRECT(ADDRESS(ROW(),COLUMN()-1,4)) -> 1282
A86: 47131810 | B86: =IFERROR(INDEX(UNSPSCDes,MATCH(INDIRECT(ADDRESS(ROW(),COLUMN()-1,4)),UNSPSCCode,0)),IF(INDIRECT(ADDRESS(ROW(),COLUMN()-1,4))="47131810","Productos para el lavaplatos","")) -> Productos para el lavaplatos | C86: =IFERROR(VLOOKUP("GAL",'Informacion '!P:Q,2,FALSE),"") -> Galón | D86: 3 | E86: 580.2 | F86: =INDIRECT(ADDRESS(ROW(),COLUMN()-2,4))*INDIRECT(ADDRESS(ROW(),COLUMN()-1,4)) -> 1740.6
A87: 12161902 | B87: =IFERROR(INDEX(UNSPSCDes,MATCH(INDIRECT(ADDRESS(ROW(),COLUMN()-1,4)),UNSPSCCode,0)),IF(INDIRECT(ADDRESS(ROW(),COLUMN()-1,4))="12161902","Surfactantes detergentes","")) -> Surfactantes detergentes | C87: =IFERROR(VLOOKUP("GAL",'Informacion '!P:Q,2,FALSE),"") -> Galón | D87: 6 | E87: 849.8 | F87: =INDIRECT(ADDRESS(ROW(),COLUMN()-2,4))*INDIRECT(ADDRESS(ROW(),COLUMN()-1,4)) -> 5098.8
A88: 42312311 | B88: =IFERROR(INDEX(UNSPSCDes,MATCH(INDIRECT(ADDRESS(ROW(),COLUMN()-1,4)),UNSPSCCode,0)),IF(INDIRECT(ADDRESS(ROW(),COLUMN()-1,4))="42312311","Kits de desinfectantes","")) -> Kits de desinfectantes | C88: =IFERROR(VLOOKUP("GAL",'Informacion '!P:Q,2,FALSE),"") -> Galón | D88: 1 | E88: 38876 | F88: =INDIRECT(ADDRESS(ROW(),COLUMN()-2,4))*INDIRECT(ADDRESS(ROW(),COLUMN()-1,4)) -> 38876
A89: 41104202 | B89: =IFERROR(INDEX(UNSPSCDes,MATCH(INDIRECT(ADDRESS(ROW(),COLUMN()-1,4)),UNSPSCCode,0)),IF(INDIRECT(ADDRESS(ROW(),COLUMN()-1,4))="41104202","Equipos de deionización o desmineralización","")) -> Equipos de deionización o desmineralización | C89: =IFERROR(VLOOKUP("GAL",'Informacion '!P:Q,2,FALSE),"") -> Galón | D89: 110 | E89: 416 | F89: =INDIRECT(ADDRESS(ROW(),COLUMN()-2,4))*INDIRECT(ADDRESS(ROW(),COLUMN()-1,4)) -> 45760
A90: 12161902 | B90: =IFERROR(INDEX(UNSPSCDes,MATCH(INDIRECT(ADDRESS(ROW(),COLUMN()-1,4)),UNSPSCCode,0)),IF(INDIRECT(ADDRESS(ROW(),COLUMN()-1,4))="12161902","Surfactantes detergentes","")) -> Surfactantes detergentes | C90: =IFERROR(VLOOKUP("GAL",'Informacion '!P:Q,2,FALSE),"") -> Galón | D90: 110 | E90: 570 | F90: =INDIRECT(ADDRESS(ROW(),COLUMN()-2,4))*INDIRECT(ADDRESS(ROW(),COLUMN()-1,4)) -> 62700
A91: 41104211 | B91: =IFERROR(INDEX(UNSPSCDes,MATCH(INDIRECT(ADDRESS(ROW(),COLUMN()-1,4)),UNSPSCCode,0)),IF(INDIRECT(ADDRESS(ROW(),COLUMN()-1,4))="41104211","Suavizantes","")) -> Suavizantes | C91: =IFERROR(VLOOKUP("GAL",'Informacion '!P:Q,2,FALSE),"") -> Galón | D91: 110 | E91: 511.65 | F91: =INDIRECT(ADDRESS(ROW(),COLUMN()-2,4))*INDIRECT(ADDRESS(ROW(),COLUMN()-1,4)) -> 56281.5
A92: 26121614 | B92: =IFERROR(INDEX(UNSPSCDes,MATCH(INDIRECT(ADDRESS(ROW(),COLUMN()-1,4)),UNSPSCCode,0)),IF(INDIRECT(ADDRESS(ROW(),COLUMN()-1,4))="26121614","Cable de construcción","")) -> Cable de construcción | C92: =IFERROR(VLOOKUP("GAL",'Informacion '!P:Q,2,FALSE),"") -> Galón | D92: 1 | E92: 8861 | F92: =INDIRECT(ADDRESS(ROW(),COLUMN()-2,4))*INDIRECT(ADDRESS(ROW(),COLUMN()-1,4)) -> 8861
A93: 73141703 | B93: =IFERROR(INDEX(UNSPSCDes,MATCH(INDIRECT(ADDRESS(ROW(),COLUMN()-1,4)),UNSPSCCode,0)),IF(INDIRECT(ADDRESS(ROW(),COLUMN()-1,4))="73141703","Servicios de fabricación de tejidos de punto","")) -> Servicios de fabricación de tejidos de punto | C93: =IFERROR(VLOOKUP("GAL",'Informacion '!P:Q,2,FALSE),"") -> Galón | D93: 90 | E93: 726 | F93: =INDIRECT(ADDRESS(ROW(),COLUMN()-2,4))*INDIRECT(ADDRESS(ROW(),COLUMN()-1,4)) -> 65340
A94: 12141901 | B94: =IFERROR(INDEX(UNSPSCDes,MATCH(INDIRECT(ADDRESS(ROW(),COLUMN()-1,4)),UNSPSCCode,0)),IF(INDIRECT(ADDRESS(ROW(),COLUMN()-1,4))="12141901","Cloro cl","")) -> Cloro cl | C94: =IFERROR(VLOOKUP("GAL",'Informacion '!P:Q,2,FALSE),"") -> Galón | D94: 90 | E94: 416.2 | F94: =INDIRECT(ADDRESS(ROW(),COLUMN()-2,4))*INDIRECT(ADDRESS(ROW(),COLUMN()-1,4)) -> 37458
A95: 41104211 | B95: =IFERROR(INDEX(UNSPSCDes,MATCH(INDIRECT(ADDRESS(ROW(),COLUMN()-1,4)),UNSPSCCode,0)),IF(INDIRECT(ADDRESS(ROW(),COLUMN()-1,4))="41104211","Suavizantes","")) -> Suavizantes | C95: =IFERROR(VLOOKUP("GAL",'Informacion '!P:Q,2,FALSE),"") -> Galón | D95: 90 | E95: 570 | F95: =INDIRECT(ADDRESS(ROW(),COLUMN()-2,4))*INDIRECT(ADDRESS(ROW(),COLUMN()-1,4)) -> 51300
A96: 12161902 | B96: =IFERROR(INDEX(UNSPSCDes,MATCH(INDIRECT(ADDRESS(ROW(),COLUMN()-1,4)),UNSPSCCode,0)),IF(INDIRECT(ADDRESS(ROW(),COLUMN()-1,4))="12161902","Surfactantes detergentes","")) -> Surfactantes detergentes | C96: =IFERROR(VLOOKUP("GAL",'Informacion '!P:Q,2,FALSE),"") -> Galón | D96: 75 | E96: 512 | F96: =INDIRECT(ADDRESS(ROW(),COLUMN()-2,4))*INDIRECT(ADDRESS(ROW(),COLUMN()-1,4)) -> 38400
A97: 12161902 | B97: =IFERROR(INDEX(UNSPSCDes,MATCH(INDIRECT(ADDRESS(ROW(),COLUMN()-1,4)),UNSPSCCode,0)),IF(INDIRECT(ADDRESS(ROW(),COLUMN()-1,4))="12161902","Surfactantes detergentes","")) -> Surfactantes detergentes | C97: =IFERROR(VLOOKUP("GAL",'Informacion '!P:Q,2,FALSE),"") -> Galón | D97: 18 | E97: 806 | F97: =INDIRECT(ADDRESS(ROW(),COLUMN()-2,4))*INDIRECT(ADDRESS(ROW(),COLUMN()-1,4)) -> 14508
E98: TOTAL COMPRA ESTIMADA | F98: =SUM(Table5[MONTO TOTAL ESTIMADO]) -> 2246822.3 | H98: =C47 -> Bienes | I98: =E47 -> No | J98: =D47 -> Comparacion de Precios
A100: NOMBRE O REFERENCIA DE CONTRATACIÓN | B100: FINALIDAD DE LA CONTRATACIÓN | C100: OBJETO DE CONTRATACIÓN | D100: PROCEDIMIENTO DE SELECCIÓN | E100: DESTINADO A MIPYMES | F100: CÓDIGO SNIP
A101: Lavanderia 2 | B101: Compra de bienes de lavanderia y limpieza del INCART | C101: Bienes | D101: Comparacion de Precios | E101: No
A102: FECHA DE NECESSIDAD | B102: FECHA INICIO PROCESO DE COMPRA | C102: 43558 | D102: LUGAR DE EJECUCIÓN / ENTREGA | E102: Región | F102: OZAMA O METROPOLITANA
B103: TRIMESTRE | C103: =IF(C102="","",IF(AND(MONTH(C102)>=1,MONTH(C102)<=3),1,IF(AND(MONTH(C102)>=4,MONTH(C102)<=6),2,IF(AND(MONTH(C102)>=7,MONTH(C102)<=9),3,4)))) -> 2 | E103: Provincia | F103: Distrito Nacional
B104: FECHA PREVISTA ADJUDICACIÓN | C104: 43593 | E104: Municipio | F104: Distrito Nacional
B105: TRIMESTRE | C105: =IF(C104="","",IF(AND(MONTH(C104)>=1,MONTH(C104)<=3),1,IF(AND(MONTH(C104)>=4,MONTH(C104)<=6),2,IF(AND(MONTH(C104)>=7,MONTH(C104)<=9),3,4)))) -> 2 | E105: Distrito Municipal
A107: CÓDIGO CATÁLOGO | B107: ARTÍCULO | C107: UNIDAD DE MEDIDA | D107: CANTIDAD TOTAL ESTIMADA | E107: PRECIO UNITARIO ESTIMADO | F107: MONTO TOTAL ESTIMADO
A108: 12161902 | B108: =IFERROR(INDEX(UNSPSCDes,MATCH(INDIRECT(ADDRESS(ROW(),COLUMN()-1,4)),UNSPSCCode,0)),IF(INDIRECT(ADDRESS(ROW(),COLUMN()-1,4))="12161902","Surfactantes detergentes","")) -> Surfactantes detergentes | C108: =IFERROR(VLOOKUP("GAL",'Informacion '!P:Q,2,FALSE),"") -> Galón | D108: 80 | E108: 950 | F108: =INDIRECT(ADDRESS(ROW(),COLUMN()-2,4))*INDIRECT(ADDRESS(ROW(),COLUMN()-1,4)) -> 76000
A109: 12161902 | B109: =IFERROR(INDEX(UNSPSCDes,MATCH(INDIRECT(ADDRESS(ROW(),COLUMN()-1,4)),UNSPSCCode,0)),IF(INDIRECT(ADDRESS(ROW(),COLUMN()-1,4))="12161902","Surfactantes detergentes","")) -> Surfactantes detergentes | C109: =IFERROR(VLOOKUP("L",'Informacion '!P:Q,2,FALSE),"") -> Litro | D109: 350 | E109: 600 | F109: =INDIRECT(ADDRESS(ROW(),COLUMN()-2,4))*INDIRECT(ADDRESS(ROW(),COLUMN()-1,4)) -> 210000
A110: 12161902 | B110: =IFERROR(INDEX(UNSPSCDes,MATCH(INDIRECT(ADDRESS(ROW(),COLUMN()-1,4)),UNSPSCCode,0)),IF(INDIRECT(ADDRESS(ROW(),COLUMN()-1,4))="12161902","Surfactantes detergentes","")) -> Surfactantes detergentes | C110: =IFERROR(VLOOKUP("GAL",'Informacion '!P:Q,2,FALSE),"") -> Galón | D110: 84 | E110: 2006 | F110: =INDIRECT(ADDRESS(ROW(),COLUMN()-2,4))*INDIRECT(ADDRESS(ROW(),COLUMN()-1,4)) -> 168504
...

Sheet Informacion 
A1: REGIONES | B1: PROVINCIAS | D1: MUNICIPIOS | G1: DISTRITOS MUNICIPALES
A2: REGION | B2: REGION | C2: PROVINCIA | D2: REGION | E2: PROVINCIA | F2: MUNICIPIO | G2: REGION | H2: PROVINCIA | I2: MUNICIPIO | J2: DISTRITO MUNICIPAL | L2: Procedimientos | N2: Destinado a MIPYME? | P2: Un | Q2: Desc. | S2: Objeto de Contratación | U2: Etiquetas necesarias
A3: CIBAO NORTE | B3: CIBAO NORTE | C3: Santiago | D3: CIBAO NORTE | E3: Santiago | F3: Santiago de los Caballeros | G3: CIBAO NORDESTE | H3: Duarte | I3: Arenoso | J3: Arenoso | L3: Comparacion de Precios | N3: Sí | P3: CAJ | Q3: Caja | S3: Bienes | U3: TOTAL COMPRA ESTIMADA
A4: CIBAO SUR | B4: CIBAO NORTE | C4: Puerto Plata | D4: CIBAO NORTE | E4: Santiago | F4: Sabana Iglesia | G4: CIBAO NORDESTE | H4: Duarte | I4: Arenoso | J4: El Aguacate | L4: Compras Menores | N4: MIPYME Mujeres | P4: CM | Q4: Centímetro | S4: Servicios
A5: CIBAO NORDESTE | B5: CIBAO NORTE | C5: Espaillat | D5: CIBAO NORTE | E5: Santiago | F5: Villa Bisonó (Navarrete) | G5: CIBAO NORDESTE | H5: Duarte | I5: Arenoso | J5: Las Coles | L5: Compras por debajo del Umbral | N5: No | P5: CM2 | Q5: Centímetro Cuadrado | S5: Servicios: Consultorías
A6: CIBAO NOROESTE | B6: CIBAO SUR | C6: Concepción de La Vega | D6: CIBAO NORTE | E6: Santiago | F6: Jánico | G6: CIBAO NORDESTE | H6: Duarte | I6: Castillo | J6: Castillo | L6: Excepción - Bienes o servicios con exclusividad | P6: CT | Q6: Ciento | S6: Servicios: Consultoría basada en la calidad de los servicios
A7: VALDESIA | B7: CIBAO SUR | C7: Monseñor Nouel | D7: CIBAO NORTE | E7: Santiago | F7: Licey al Medio | G7: CIBAO NORDESTE | H7: Duarte | I7: Hostos | J7: Hostos | L7: Excepción - Construcción, instalación o adquisición de oficinas para el servicio exterior | P7: DEC | Q7: Decena | S7: Obras
A8: ENRIQUILLO | B8: CIBAO SUR | C8: Sánchez Ramírez | D8: CIBAO NORTE | E8: Santiago | F8: San José de las Matas | G8: CIBAO NORDESTE | H8: Duarte | I8: Hostos | J8: Sabana Grande de Hostos | L8: Excepción - Contratación de publicidad a través de medios de comunicación social | P8: DM | Q8: Decímetro
A9: EL VALLE | B9: CIBAO NORDESTE | C9: Duarte | D9: CIBAO NORTE | E9: Santiago | F9: Tamboril | G9: CIBAO NORDESTE | H9: Duarte | I9: Las Guáranas | J9: Las Guáranas | L9: Excepción - Obras científicas, técnicas, artísticas, o restauración de monumentos históricos | P9: DÍA | Q9: Día
A10: YUMA | B10: CIBAO NORDESTE | C10: Hermanas Mirabal | D10: CIBAO NORTE | E10: Santiago | F10: Villa González | G10: CIBAO NORDESTE | H10: Duarte | I10: Pimentel | J10: Pimentel | L10: Excepción - Proveedor Único | P10: DOC | Q10: Docena
A11: HIGUAMO | B11: CIBAO NORDESTE | C11: María Trinidad Sánchez | D11: CIBAO NORTE | E11: Santiago | F11: Puñal | G11: CIBAO NORDESTE | H11: Duarte | I11: San Fco. de Macorís | J11: Cenoví | L11: Excepción - Rescisión de contratos cuya terminación no exceda el 40% del monto total del proyecto, obra o servicio | P11: GAL | Q11: Galón
A12: OZAMA O METROPOLITANA | B12: CIBAO NORDESTE | C12: Samaná | D12: CIBAO NORTE | E12: Puerto Plata | F12: San Felipe de Puerto Plata | G12: CIBAO NORDESTE | H12: Duarte | I12: San Fco. de Macorís | J12: Don Antonio Guzmán Fernández | L12: Excepción - Resolución 15-08 sobre compra y contratación de pasaje aéreo, combustible y reparación de vehículos de motor | P12: G | Q12: Gramo
B13: CIBAO NOROESTE | C13: Valverde | D13: CIBAO NORTE | E13: Puerto Plata | F13: Altamira | G13: CIBAO NORDESTE | H13: Duarte | I13: San Fco. de Macorís | J13: Jaya | L13: Licitacion Publica | P13: H | Q13: Hora
B14: CIBAO NOROESTE | C14: Santiago Rodriguez | D14: CIBAO NORTE | E14: Puerto Plata | F14: Guananico | G14: CIBAO NORDESTE | H14: Duarte | I14: San Fco. de Macorís | J14: La Peña | L14: Licitacion Publica Internacional | P14: H/H | Q14: Hora Hombre
B15: CIBAO NOROESTE | C15: Montecristi | D15: CIBAO NORTE | E15: Puerto Plata | F15: Imbert | G15: CIBAO NORDESTE | H15: Duarte | I15: San Fco. de Macorís | J15: San Fco. de Macorís | L15: Licitacion Restringida | P15: KG | Q15: Kilogramo
B16: CIBAO NOROESTE | C16: Dajabón | D16: CIBAO NORTE | E16: Puerto Plata | F16: Los Hidalgos | G16: CIBAO NORDESTE | H16: Duarte | I16: Villa Riva | J16: Agua Santa del Yuna | L16: Sorteo de Obras | P16: KM | Q16: Kilómetro
B17: VALDESIA | C17: San Cristóbal | D17: CIBAO NORTE | E17: Puerto Plata | F17: Luperón | G17: CIBAO NORDESTE | H17: Duarte | I17: Villa Riva | J17: Barraquito | L17: Subasta Inversa | P17: KM2 | Q17: Kilómetro cuadrado
B18: VALDESIA | C18: Peravia | D18: CIBAO NORTE | E18: Puerto Plata | F18: Sosúa | G18: CIBAO NORDESTE | H18: Duarte | I18: Villa Riva | J18: Cristo Rey de Guaraguao | P18: LB | Q18: Libra
B19: VALDESIA | C19: San José de Ocoa | D19: CIBAO NORTE | E19: Puerto Plata | F19: Villa Isabela | G19: CIBAO NORDESTE | H19: Duarte | I19: Villa Riva | J19: Las Táranas | P19: L | Q19: Litro
B20: VALDESIA | C20: Azua | D20: CIBAO NORTE | E20: Puerto Plata | F20: Villa Montellano | G20: CIBAO NORDESTE | H20: Duarte | I20: Villa Riva | J20: Villa Riva | P20: MES | Q20: Mes
B21: ENRIQUILLO | C21: Barahona | D21: CIBAO NORTE | E21: Espaillat | F21: Moca | G21: CIBAO NORDESTE | H21: Hermanas Mirabal | I21: Salcedo | J21: Jamao Afuera | P21: M | Q21: Metro
B22: ENRIQUILLO | C22: Bahoruco | D22: CIBAO NORTE | E22: Espaillat | F22: Cayetano Germosén | G22: CIBAO NORDESTE | H22: Hermanas Mirabal | I22: Salcedo | J22: Salcedo | P22: M2 | Q22: Metro cuadrado
B23: ENRIQUILLO | C23: Pedernales | D23: CIBAO NORTE | E23: Espaillat | F23: Gaspar Hernández | G23: CIBAO NORDESTE | H23: Hermanas Mirabal | I23: Tenares | J23: Blanco | P23: M3 | Q23: Metro cúbico
B24: ENRIQUILLO | C24: Independencia | D24: CIBAO NORTE | E24: Espaillat | F24: Jamao al Norte | G24: CIBAO NORDESTE | H24: Hermanas Mirabal | I24: Tenares | J24: Tenares | P24: MG | Q24: Miligramo
B25: EL VALLE | C25: San Juan | D25: CIBAO SUR | E25: Concepción de La Vega | F25: La Vega | G25: CIBAO NORDESTE | H25: Hermanas Mirabal | I25: Villa Tapia | J25: Villa Tapia | P25: MM | Q25: Milímetro
B26: EL VALLE | C26: Elías Piña | D26: CIBAO SUR | E26: Concepción de La Vega | F26: Constanza | G26: CIBAO NORDESTE | H26: María Trinidad Sánchez | I26: Cabrera | J26: Arroyo Salado | P26: MI | Q26: Milla
B27: YUMA | C27: La Romana | D27: CIBAO SUR | E27: Concepción de La Vega | F27: Jarabacoa | G27: CIBAO NORDESTE | H27: María Trinidad Sánchez | I27: Cabrera | J27: Cabrera | P27: MIL | Q27: Millar
B28: YUMA | C28: La Altagracia | D28: CIBAO SUR | E28: Concepción de La Vega | F28: Jima Abajo | G28: CIBAO NORDESTE | H28: María Trinidad Sánchez | I28: Cabrera | J28: La Entrada | P28: OZ | Q28: Onza
B29: YUMA | C29: El Seibo | D29: CIBAO SUR | E29: Monseñor Nouel | F29: Bonao | G29: CIBAO NORDESTE | H29: María Trinidad Sánchez | I29: El Factor | J29: El Factor | P29: PAQ | Q29: Paquete
... B34: OZAMA O METROPOLITANA | C34: Santo Domingo | D34: CIBAO SUR | E34: Sánchez Ramírez | F34: Fantino | G34: CIBAO NORDESTE | H34: María Trinidad Sánchez | I34: Nagua | J34: San José de Matanzas | P34: PULG | Q34: Pulgada
D35: CIBAO SUR | E35: Sánchez Ramírez | F35: La Mata | G35: CIBAO NORDESTE | H35: María Trinidad Sánchez | I35: Río San Juan | J35: Río San Juan | P35: IN2 | Q35: Pulgada cuadrada
D36: CIBAO NORDESTE | E36: Duarte | F36: San Fco. de Macorís | G36: CIBAO NORDESTE | H36: Samaná | I36: Las Terrenas | J36: Las Terrenas | P36: 500UD | Q36: Quinientas unidades
D37: CIBAO NORDESTE | E37: Duarte | F37: Arenoso | G37: CIBAO NORDESTE | H37: Samaná | I37: Sánchez | J37: Sánchez | P37: Q | Q37: Quintal
D38: CIBAO NORDESTE | E38: Duarte | F38: Castillo | G38: CIBAO NORDESTE | H38: Samaná | I38: Santa Bárbara de Samaná | J38: Arroyo Barril | P38: RESMA | Q38: Resma
D39: CIBAO NORDESTE | E39: Duarte | F39: Hostos | G39: CIBAO NORDESTE | H39: Samaná | I39: Santa Bárbara de Samaná | J39: El Limón | P39: SEM | Q39: Semana
D40: CIBAO NORDESTE | E40: Duarte | F40: Pimentel | G40: CIBAO NORDESTE | H40: Samaná | I40: Santa Bárbara de Samaná | J40: Las Galeras | P40: TON | Q40: Tonelada
D41: CIBAO NORDESTE | E41: Duarte | F41: Villa Riva | G41: CIBAO NORDESTE | H41: Samaná | I41: Santa Bárbara de Samaná | J41: Santa Bárbara de Samaná | P41: UD | Q41: Unidad
D42: CIBAO NORDESTE | E42: Duarte | F42: Las Guáranas | G42: CIBAO NOROESTE | H42: Dajabón | I42: Dajabón | J42: Cañongo | P42: YD | Q42: Yarda
D43: CIBAO NORDESTE | E43: Hermanas Mirabal | F43: Salcedo | G43: CIBAO NOROESTE | H43: Dajabón | I43: Dajabón | J43: Dajabón | P43: YD2 | Q43: Yarda cuadrada
D44: CIBAO NORDESTE | E44: Hermanas Mirabal | F44: Tenares | G44: CIBAO NOROESTE | H44: Dajabón | I44: El Pino | J44: El Pino
D45: CIBAO NORDESTE | E45: Hermanas Mirabal | F45: Villa Tapia | G45: CIBAO NOROESTE | H45: Dajabón | I45: El Pino | J45: Manuel Bueno
D46: CIBAO NORDESTE | E46: María Trinidad Sánchez | F46: Nagua | G46: CIBAO NOROESTE | H46: Dajabón | I46: Loma de Cabrera | J46: Capotillo
D47: CIBAO NORDESTE | E47: María Trinidad Sánchez | F47: Cabrera | G47: CIBAO NOROESTE | H47: Dajabón | I47: Loma de Cabrera | J47: Loma de Cabrera
D48: CIBAO NORDESTE | E48: María Trinidad Sánchez | F48: El Factor | G48: CIBAO NOROESTE | H48: Dajabón | I48: Loma de Cabrera | J48: Santiago de la Cruz
D49: CIBAO NORDESTE | E49: María Trinidad Sánchez | F49: Río San Juan | G49: CIBAO NOROESTE | H49: Dajabón | I49: Partido | J49: Partido
D50: CIBAO NORDESTE | E50: Samaná | F50: Santa Bárbara de Samaná | G50: CIBAO NOROESTE | H50: Dajabón | I50: Restauración | J50: Restauración
D51: CIBAO NORDESTE | E51: Samaná | F51: Sánchez | G51: CIBAO NOROESTE | H51: Montecristi | I51: Castañuelas | J51: Castañuelas
D52: CIBAO NORDESTE | E52: Samaná | F52: Las Terrenas | G52: CIBAO NOROESTE | H52: Montecristi | I52: Castañuelas | J52: Palo Verde
D53: CIBAO NOROESTE | E53: Valverde | F53: Santa Cruz de Mao | G53: CIBAO NOROESTE | H53: Montecristi | I53: Guayubín | J53: Cana Chapetón
D54: CIBAO NOROESTE | E54: Valverde | F54: Esperanza | G54: CIBAO NOROESTE | H54: Montecristi | I54: Guayubín | J54: Guayubín
D55: CIBAO NOROESTE | E55: Valverde | F55: Laguna Salada | G55: CIBAO NOROESTE | H55: Montecristi | I55: Guayubín | J55: Hatillo Palma
... D157: OZAMA O METROPOLITANA | E157: Santo Domingo | F157: Pedro Brand | G157: CIBAO SUR | H157: Monseñor Nouel | I157: Piedra Blanca | J157: Piedra Blanca
G158: CIBAO SUR | H158: Monseñor Nouel | I158: Piedra Blanca | J158: Villa de Sonador
G159: CIBAO SUR | H159: Sánchez Ramírez | I159: Cevicos | J159: Cevicos
G160: CIBAO SUR | H160: Sánchez Ramírez | I160: Cevicos | J160: La Cueva
G161: CIBAO SUR | H161: Sánchez Ramírez | I161: Cotuí | J161: Caballero
G162: CIBAO SUR | H162: Sánchez Ramírez | I162: Cotuí | J162: Comedero Arriba
G163: CIBAO SUR | H163: Sánchez Ramírez | I163: Cotuí | J163: Cotuí
G164: CIBAO SUR | H164: Sánchez Ramírez | I164: Cotuí | J164: Platanal
G165: CIBAO SUR | H165: Sánchez Ramírez | I165: Cotuí | J165: Quita Sueño
G166: CIBAO SUR | H166: Sánchez Ramírez | I166: Fantino | J166: Fantino
G167: CIBAO SUR | H167: Sánchez Ramírez | I167: La Mata | J167: Angelina
G168: CIBAO SUR | H168: Sánchez Ramírez | I168: La Mata | J168: Hernando Alonso
G169: CIBAO SUR | H169: Sánchez Ramírez | I169: La Mata | J169: La Bija
... G387: YUMA | H387: La Romana | I387: Villa Hermosa | J387: Villa Hermosa

Sheet UNSPSC
A1: 10101501 | B1: Gatos
A2: 10101502 | B2: Perros
A3: 10101504 | B3: Visón
A4: 10101505 | B4: Ratas
A5: 10101506 | B5: Caballos
A6: 10101507 | B6: Ovejas
A7: 10101508 | B7: Cabras
A8: 10101509 | B8: Asnos
A9: 10101510 | B9: Ratones
A10: 10101511 | B10: Cerdos
A11: 10101512 | B11: Conejos
A12: 10101513 | B12: Cobayas o conejillos de indias
... A18298: 94132005 | B18298: Asociaciones de defensa del derecho de voto

Sheet ProcedureTemplate
A1: NOMBRE O REFERENCIA DE CONTRATACIÓN | B1: FINALIDAD DE LA CONTRATACIÓN | C1: OBJETO DE CONTRATACIÓN | D1: PROCEDIMIENTO DE SELECCIÓN | E1: DESTINADO A MIPYMES | F1: CÓDIGO SNIP
A3: FECHA DE NECESSIDAD | B3: FECHA INICIO PROCESO DE COMPRA | D3: LUGAR DE EJECUCIÓN / ENTREGA | E3: Región
B4: TRIMESTRE | C4: =IF(C3="","",IF(AND(MONTH(C3)>=1,MONTH(C3)<=3),1,IF(AND(MONTH(C3)>=4,MONTH(C3)<=6),2,IF(AND(MONTH(C3)>=7,MONTH(C3)<=9),3,4)))) | E4: Provincia
B5: FECHA PREVISTA ADJUDICACIÓN | E5: Municipio
B6: TRIMESTRE | C6: =IF(C5="","",IF(AND(MONTH(C5)>=1,MONTH(C5)<=3),1,IF(AND(MONTH(C5)>=4,MONTH(C5)<=6),2,IF(AND(MONTH(C5)>=7,MONTH(C5)<=9),3,4)))) | E6: Distrito Municipal
A8: CÓDIGO CATÁLOGO | B8: ARTÍCULO | C8: UNIDAD DE MEDIDA | D8: CANTIDAD TOTAL ESTIMADA | E8: PRECIO UNITARIO ESTIMADO | F8: MONTO TOTAL ESTIMADO
B9: =IFERROR(INDEX(UNSPSCDes,MATCH(INDIRECT(ADDRESS(ROW(),COLUMN()-1,4)),UNSPSCCode,0)),"") | F9: =INDIRECT(ADDRESS(ROW(),COLUMN()-2,4))*INDIRECT(ADDRESS(ROW(),COLUMN()-1,4)) -> 0
E10: TOTAL COMPRA ESTIMADA | F10: =SUM(Table3[MONTO TOTAL ESTIMADO]) -> 0 | H10: =C2 -> 0 | I10: =E2 -> 0 | J10: =D2 -> 0
